 Dungeon Sprint DCSS version 0.18-a0-1350-g404b4cb (webtiles) character file.

2441 Kidiri the Covert (level 9, -9/46 HPs)
             Began as a Spriggan Enchanter on Feb 18, 2016.
             Was an Initiate of Yredelemnul.
             Mangled by a kraken (40 damage)
             ... in the Dungeon (Sprint II: "The Violet Keep of Menkaure").
             The game lasted 00:05:43 (952 turns).

Kidiri the Covert (Spriggan Enchanter)               Turns: 952, Time: 00:05:43

Health: -9/46      AC:  3    Str:  4    XL:     9   Next: 25%
Magic:  17/24      EV: 28    Int: 16    God:    Yredelemnul [......]
Gold:   615        SH:  8    Dex: 18    Spells: 8 memorised, 7 levels left

rFire  . . .     SeeInvis +     a - +1 dagger
rCold  . . .     Gourm    .     b - +1 robe
rNeg   . . .     Faith    .     k - +2 buckler
rPois  .         Spirit   .     (helmet restricted)
rElec  .         Dismiss  .     (no cloak)
rCorr  +         Reflect  .     (gloves unavailable)
SustAt +         Harm     .     (boots unavailable)
MR     +....     NoTele   +     (no amulet)
Stlth  ++++++....               v - ring of resist corrosion
                                w - ring of sustain attributes

@: very quick, somewhat resistant to hostile enchantments, very stealthy
A: unfitting armour, fangs 1, see invisible, dopey 1, herbivore 3, speed 3, slow
metabolism 2
a: Renounce Religion


You were in the Dungeon.
You worshipped Yredelemnul.
Yredelemnul was noncommittal.
You were not hungry.

You visited 1 branch You collected 1208 gold pieces.
You spent 593 gold pieces at shops.

Inventory:

Hand Weapons
 a - a +1 dagger (weapon)
Armour
 b - a +1 robe (worn)
 k - a +2 buckler (worn)
Jewellery
 v - a ring of resist corrosion (right hand)
 w - a ring of sustain attributes (left hand)
Scrolls
 j - a scroll of blinking
 m - 3 scrolls of remove curse {unknown}
 n - 4 scrolls of identify {unknown}
 p - a scroll of fog {unknown}
 q - a scroll of amnesia {unknown}
 s - a scroll of enchant weapon {unknown}
 u - a scroll of magic mapping {unknown}
Potions
 e - 2 potions of curing
 f - 2 potions of heal wounds
 g - 3 potions of haste
 h - 5 potions of magic
 l - a potion of might {unknown}
 o - 3 potions of flight {unknown}
 t - 2 potions of mutation {unknown}
 x - 3 potions of resistance {unknown}
Books
 c - a book of Maledictions

   Spells                             Type                      Level
   a - Corona                         Hexes                        1
   b - Ensorcelled Hibernation        Hexes/Ice                    2
   c - Confuse                        Hexes                        3
   d - Tukima's Dance                 Hexes                        3
   e - Dazzling Spray                 Conjuration/Hexes            3
 i - a book of Air

   Spells                             Type                      Level
   a - Shock                          Conjuration/Air              1
   b - Swiftness                      Charms/Air                   2
   c - Repel Missiles                 Charms/Air                   2
   d - Static Discharge               Conjuration/Air              3
   e - Lightning Bolt                 Conjuration/Air              5
Comestibles
 d - 4 bread rations


   Skills:
 + Level 4.8 Fighting
 * Level 9.5 Short Blades
 + Level 4.4 Armour
 * Level 12.3 Dodging
 * Level 13.5 Stealth
 * Level 2.2 Shields
 * Level 10.5 Spellcasting
 + Level 2.7 Conjurations
 + Level 8.1 Hexes
 + Level 3.0 Charms
 + Level 3.0 Ice Magic
 + Level 1.8 Air Magic
 + Level 0.0 Invocations


You had 7 spell levels left.
You knew the following spells:

 Your Spells              Type           Power        Failure   Level  Hunger
a - Corona                Hex            ####...      1%          1    None
b - Ensorcelled Hibernat  Hex/Ice        ####..       1%          2    None
c - Confuse               Hex            ####....     1%          3    None
d - Tukima's Dance        Hex            ####....     1%          3    None
e - Dazzling Spray        Conj/Hex       ####....     4%          3    None
f - Repel Missiles        Chrm/Air       ###...       10%         2    None
g - Static Discharge      Conj/Air       ###.....     17%         3    None
h - Lightning Bolt        Conj/Air       ###.......   98%         5    #####..


Dungeon Overview and Level Annotations

Branches:
Dungeon (1/1)

Altars:
Cheibriados
Dithmenos
Elyvilon
Fedhas
Gozag
Kikubaaqudgha
Makhleb
Nemelex Xobeh
Okawaru
Pakellas
Qazlal
Ru
Sif Muna
Trog
Vehumet
Xom
Yredelemnul
Zin
The Shining One
Beogh
Jiyva
Lugonu

Shops:
D }:?%![[(=!=[?=:%

Annotations:
D exclusions: ice statue and oklob plant


Innate Abilities, Weirdness & Mutations

You are tiny and cannot use many weapons and most armour.
You have supernaturally acute eyesight.
You are an herbivore.
You cover ground extremely quickly.
You need consume almost no food.
You have very sharp teeth.
You are dopey. (Int -2)


Message History

The helpless kraken fails to defend itself.
You stick the kraken like a pincushion!!!!
The kraken is heavily wounded.
The kraken barely misses you.
Unknown command.
Casting: Ensorcelled Hibernation
Confirm with . or Enter, or press ? or * to list all spells.
Aiming: Confuse
Press: ? - help, Shift-Dir - straight line, f/p - kraken
Aim: a kraken (water, heavily wounded, chance to defeat MR: 28%)
Okay, then.
Casting: Confuse
Confirm with . or Enter, or press ? or * to list all spells.
Aiming: Confuse
Press: ? - help, Shift-Dir - straight line, f/p - kraken
Aim: a kraken (water, heavily wounded, chance to defeat MR: 28%)
The kraken easily resists.
The kraken bites you! The kraken bites you!!!
Ouch! That really hurt!
You die...
Your body rises from the dead as a mindless zombie.

. #|)▓.(..[)..▓▓
.####)=▓.(..[)[.▓▓
...####▓....([%(▓▓
#..##)#▓.%%....(▓▓
+..#.%#▓)(.%....▓▓
#..#..#▓......%.▓▓
#..##.#▓)....[..▓▓
##...##▓▓▓▓▓▓▓'▓▓▓▓+▓
§≈≈≈≈≈≈≈≈≈≈≈≈≈..@X≈≈▓
.≈#+########+###.≈≈≈▓
§≈#........#t§≈##≈≈≈▓
.≈#._._....#≈§≈≈####▓
≈≈#_._._...#≈≈≈§§#
≈≈#._._._..#≈§§§§§
≈≈#_._._._.#§§≈≈§
≈≈#._._._._#≈§≈§§
§§#.._._._.#§§≈


You could see a kraken.

Vanquished Creatures
  A siren (D)
  A yaktaur (D)
  3 polar bears (D)
  2 boulder beetles (D)
  4 neqoxecs (D)
  Menkaure (D)
  A wasp (D)
  A scorpion (D)
  4 worker ants (D)
18 creatures vanquished.

Vanquished Creatures (others)
  A crocodile (D)
  4 tentacles (D)
  75 tentacle segments (D)
80 creatures vanquished.

Grand Total: 98 creatures vanquished

Notes
Turn   | Place    | Note
--------------------------------------------------------------
     0 | D        | Kidiri the Spriggan Enchanter began the quest for the Orb.
     0 | D        | Reached XP level 1. HP: 9/9 MP: 5/5
     1 | D        | Noticed a neqoxec
     1 | D        | Noticed a neqoxec
     1 | D        | Noticed a neqoxec
     1 | D        | Noticed a neqoxec
     2 | D        | Noticed a crimson imp
     6 | D        | Gained mutation: You have very sharp teeth. [a neqoxec]
     8 | D        | Killed a neqoxec
     8 | D        | Reached skill level 1 in Armour
     8 | D        | Reached skill level 6 in Dodging
     8 | D        | Reached skill level 7 in Stealth
     8 | D        | Reached skill level 5 in Spellcasting
     8 | D        | Reached skill level 5 in Hexes
     8 | D        | Reached XP level 2. HP: 15/15 MP: 5/9
     8 | D        | Reached XP level 3. HP: 18/18 MP: 6/11
     8 | D        | Reached XP level 4. HP: 23/23 MP: 6/12
    11 | D        | Killed a neqoxec
    11 | D        | Reached skill level 5 in Short Blades
    11 | D        | Reached skill level 8 in Dodging
    11 | D        | Reached skill level 9 in Stealth
    11 | D        | Reached XP level 5. HP: 22/27 MP: 6/15
    22 | D        | Killed a neqoxec
    22 | D        | Reached skill level 10 in Stealth
    22 | D        | Reached XP level 6. HP: 3/32 MP: 6/17
    23 | D        | Gained mutation: You are dopey. (Int -2) [a neqoxec]
    25 | D        | HP: 2/48 [ufetubus[a neqoxec] (1)]
    28 | D        | Killed a neqoxec
    35 | D        | Noticed an ice statue
    40 | D        | Learned a level 2 spell: Ensorcelled Hibernation
    44 | D        | Learned a level 3 spell: Confuse
    48 | D        | Learned a level 3 spell: Tukima's Dance
    52 | D        | Learned a level 3 spell: Dazzling Spray
   353 | D        | Noticed Menkaure
   355 | D        | Killed Menkaure
   355 | D        | Reached skill level 10 in Dodging
   355 | D        | Reached skill level 11 in Stealth
   355 | D        | Reached XP level 7. HP: 35/37 MP: 19/19
   365 | D        | Noticed a siren
   368 | D        | Noticed a boulder beetle
   368 | D        | Noticed a boulder beetle
   378 | D        | Reached skill level 1 in Ice Magic
   379 | D        | Reached skill level 1 in Conjurations
   395 | D        | Killed a siren
   395 | D        | Reached skill level 12 in Stealth
   395 | D        | Reached XP level 8. HP: 42/42 MP: 22/22
   409 | D        | Killed a boulder beetle
   421 | D        | Killed a boulder beetle
   541 | D        | Found Jecawag's Food Shop.
   542 | D        | Found Eckanotz's Jewellery Shop.
   542 | D        | Found Doutyck's Magic Scroll Boutique.
   542 | D        | Found Dukos's Book Boutique.
   550 | D        | Found Usicw's Distillery.
   550 | D        | Found Fitotiesch's Jewellery Shop.
   552 | D        | Found Vaisor Wuwna's Jewellery Shop.
   552 | D        | Found Larphi Hele's Armour Shop.
   553 | D        | Found Ahoom's Antique Armour Boutique.
   553 | D        | Found Teavygai's Antique Armour Boutique.
   553 | D        | Found Dofy's Antique Weapon Boutique.
   553 | D        | Noticed a shining eye
   555 | D        | Found Catsuxt's Distillery.
   556 | D        | Found Bamoprox's Food Boutique.
   556 | D        | Found Fehontay's Magic Scroll Shop.
   556 | D        | Noticed a shining eye
   556 | D        | Noticed a shining eye
   556 | D        | Noticed an oklob plant
   557 | D        | Found Tubues's Book Shoppe.
   557 | D        | Found Syuph's Gadget Boutique.
   558 | D        | Noticed a fire dragon
   561 | D        | Noticed a polar bear
   563 | D        | Noticed a polar bear
   574 | D        | Bought a book of Air for 490 gold pieces
   579 | D        | Bought a shiny buckler for 103 gold pieces
   588 | D        | Learned a level 2 spell: Repel Missiles
   592 | D        | Learned a level 3 spell: Static Discharge
   598 | D        | Learned a level 5 spell: Lightning Bolt
   638 | D        | Found a sparkling altar of Nemelex Xobeh.
   639 | D        | Found an ancient bone altar of Kikubaaqudgha.
   639 | D        | Found a stormy altar of Qazlal.
   639 | D        | Found a burning altar of Makhleb.
   640 | D        | Found a shimmering altar of Xom.
   640 | D        | Found an iron altar of Okawaru.
   641 | D        | Found a snail-covered altar of Cheibriados.
   641 | D        | Found an oddly glowing altar of Pakellas.
   641 | D        | Found a roughly hewn altar of Beogh.
   641 | D        | Found a deep blue altar of Sif Muna.
   642 | D        | Found a white marble altar of Elyvilon.
   642 | D        | Found a basalt altar of Yredelemnul.
   643 | D        | Found a radiant altar of Vehumet.
   643 | D        | Found an opulent altar of Gozag.
   644 | D        | Found a sacrificial altar of Ru.
   646 | D        | Noticed a yaktaur
   646 | D        | Noticed a polar bear
   647 | D        | Noticed a polar bear
   647 | D        | Noticed a polar bear
   648 | D        | Killed a polar bear
   648 | D        | Reached skill level 10 in Spellcasting
   648 | D        | Reached skill level 1 in Charms
   649 | D        | Killed a polar bear
   649 | D        | Reached skill level 13 in Stealth
   649 | D        | Reached skill level 1 in Shields
   649 | D        | Reached skill level 1 in Air Magic
   651 | D        | Reached XP level 9. HP: 43/46 MP: 22/24
   652 | D        | Killed a polar bear
   654 | D        | Killed a yaktaur
   662 | D        | Found a glowing silver altar of Zin.
   664 | D        | Found a blossoming altar of Fedhas.
   664 | D        | Found a shadowy altar of Dithmenos.
   664 | D        | Found a bloodstained altar of Trog.
   665 | D        | Found a viscous altar of Jiyva.
   665 | D        | Found a glowing golden altar of the Shining One.
   665 | D        | Found a corrupted altar of Lugonu.
   674 | D        | Became a worshipper of Yredelemnul the Dark
   690 | D        | Noticed a kraken
   952 | D        | Mangled by a kraken

Vault maps used:
D:        the_violet_keep_of_menkaure

Action                   |  1- 3 |  4- 6 |  7- 9 || total
-------------------------+-------+-------+-------++-------
Melee: Dagger            |     6 |    20 |    16 ||    42
 Cast: Ensorcelled Hiber |       |       |     4 ||     4
       Confuse           |       |       |     1 ||     1
  Use: Potion            |     1 |       |       ||     1
 Stab: Sleeping          |       |     1 |    15 ||    16
